 Dungeon Crawl Stone Soup version 0.28.0 (webtiles) character file.

Game seed: 6923415174516430961

703 Dirian the Slasher (level 7, -3/61 HPs)
             Began as a Minotaur Fighter on Feb 12, 2022.
             Slain by a gnoll sergeant (13 damage)
             ... on level 4 of the Dungeon.
             The game lasted 00:09:51 (3626 turns).

Dirian the Slasher (Minotaur Fighter)               Turns: 3626, Time: 00:09:52

Health: -3/61      AC: 20    Str: 21    XL:     7   Next: 39%
Magic:  6/6        EV:  8    Int:  9    God:
Gold:   118        SH:  4    Dex:  8    Spells: 6/6 levels left

rFire   + + +      SeeInvis .   a - +1 long sword
rCold   + + .      Faith    .   c - +0 buckler
rNeg    . . .      Spirit   .   d - +2 chain mail {rC+}
rPois   .          Reflect  .   f - +0 hat "Obumpar" {rF+++ Int+4 Dex-3}
rElec   .          Harm     .   o - +0 cloak
rCorr   .          Rampage  .   h - +2 pair of gloves
Will    .....                   (no boots)
Stlth   ..........              (no amulet)
HPRegen 0.20/turn               e - ring of protection from cold
MPRegen 0.10/turn               l - +4 ring of protection

@: studying Shields
A: horns 2, retaliatory headbutt
a: no special abilities


You were on level 4 of the Dungeon.
You visited 1 branch of the dungeon, and saw 4 of its levels.

You collected 118 gold pieces.

Inventory:

Hand Weapons
 a - a +1 long sword (weapon)
 b - a +0 hunting sling
 k - a +1 short sword of flaming
Missiles
 j - 34 sling bullets
 m - 85 stones (quivered)
Armour
 c - a +0 buckler (worn)
 d - a +2 chain mail of cold resistance (worn)
 f - the +0 hat "Obumpar" (worn) {rF+++ Int+4 Dex-3}
   (You acquired it on level 2 of the Dungeon)

   Int:       It affects your intelligence (+4).
   Dex:       It affects your dexterity (-3).
   rF:        It renders you almost immune to fire.
 h - a +2 pair of gloves (worn)
 o - a +0 cloak (worn)
Jewellery
 e - a ring of protection from cold (left hand)
 l - a +4 ring of protection (right hand)
Wands
 i - a wand of iceblast (12)
Potions
 g - a potion of flight
 n - a potion of mutation {unknown}
 q - a potion of curing


   Skills:
 + Level 5.0 Fighting
 * Level 5.5 Long Blades
 * Level 4.4 Slings
 + Level 4.9 Armour
 + Level 2.7 Dodging
 - Level 5.0 Shields


You had 6 spell levels left.
You didn't know any spells.
Your spell library contained the following spells:

 Spells                   Type           Power      Damage    Failure   Level
 Sting                    Tmut/Pois      0%         1d3       99%         1
 Conjure Ball Lightning   Conj/Air       0%         3x3d6     100%        6
 Discord                  Hex            0%         N/A       100%        8
 Disjunction              Tloc           0%         N/A       100%        8


Dungeon Overview and Level Annotations

Branches:
Dungeon (4/15)
 Temple: D:4-7

Altars:
Uskayaw

Shops:
D:4 =*?


Innate Abilities, Weirdness & Mutations

You have a pair of horns on your head.
You reflexively headbutt those who attack you in melee.


Message History

You hit the gnoll sergeant.
The gnoll sergeant is moderately wounded.
The bullfrog skeleton hits you but does no damage.
The gnoll sergeant hits you but does no damage.
You block the bullfrog skeleton's attack.
You barely miss the gnoll sergeant.
The gnoll sergeant is moderately wounded.
The bullfrog skeleton hits you but does no damage.
You block the gnoll sergeant's attack.
You slash the gnoll sergeant!
The gnoll sergeant is heavily wounded.
The bullfrog skeleton hits you but does no damage.
The gnoll sergeant hits you with a +6 vorpal spear!
You block the bullfrog skeleton's attack.
You hit the gnoll sergeant.
The gnoll sergeant is heavily wounded.
The gnoll sergeant hits you with a +6 vorpal spear!
* * * LOW HITPOINT WARNING * * *
The bullfrog skeleton hits you but does no damage.
You slash the bullfrog skeleton!
The bullfrog skeleton is moderately damaged.
The bullfrog skeleton hits you.
* * * LOW HITPOINT WARNING * * *
The gnoll sergeant barely misses you.
The bullfrog skeleton hits you but does no damage.
You slash the bullfrog skeleton!
The bullfrog skeleton is severely damaged.
The gnoll sergeant hits you but does no damage.
You block the bullfrog skeleton's attack.
The gnoll sergeant hits you with a +6 vorpal spear.
* * * LOW HITPOINT WARNING * * *
x2 You slash the bullfrog skeleton!
You destroy the bullfrog skeleton!
The gnoll sergeant hits you with a +6 vorpal spear.
* * * LOW HITPOINT WARNING * * *
x2 Your Fighting skill increases to level 5!
You hit the gnoll sergeant.
The gnoll sergeant is severely wounded.
The gnoll sergeant hits you with a +6 vorpal spear!
You die...

.[..# #....#...######....##....
....# #....#...##..##....##....
....# ######...##..............
....# #.......'.............#
....# #.......#..##..####...#
....# ####8.>.8..############
....# #.......#......'......#
....# #...8g∩.8......#......'
....# #.....@.#......#..|...#
....#######...8.<.8......#......#
..................#..##..##.....#
....†......###'####..##..########
...........#.....##..##..##g....#
##+#.......#.....#...#....)g.....
...##'######.....#...######..(...
..........(......#...##..##.(.(..
#..##............#.............([


You could see a gnoll sergeant.

Vanquished Creatures
  Sigmund (D:2)
  An ogre (D:4)
  2 water moccasin skeletons
  A howler monkey (D:4)
  2 bullfrog skeletons (D:4)
  Terence (D:2)
  Natasha (thrice) (D:3)
  4 gnolls
  5 adders
  A white imp (D:4)
  2 dart slugs (D:1)
  4 bats
  10 endoplasms
  A giant cockroach (D:4)
  4 hobgoblins
  2 jackals (D:1)
  8 kobolds
  4 quokkas
  6 ball pythons
  10 frilled lizards
  6 goblins
  4 rats
82 creatures vanquished.

Vanquished Creatures (others)
  A worm (D:2)
  A giant cockroach (D:2)
  A bat (D:2)
  2 fungi (D:3)
  2 plants (D:3)
7 creatures vanquished.

Grand Total: 89 creatures vanquished

Notes
Turn   | Place    | Note
-------+----------+-------------------------------------------
     0 | D:1      | Dirian the Minotaur Fighter began the quest for the Orb.
     0 | D:1      | Reached XP level 1. HP: 19/19 MP: 0/0
   234 | D:1      | Reached XP level 2. HP: 27/27 MP: 1/1
   490 | D:1      | Reached skill level 1 in Slings
   606 | D:1      | You fall into a shaft and drop 1 floor!
   716 | D:1      | Reached XP level 3. HP: 29/33 MP: 2/2
   929 | D:2      | Noticed Terence
   935 | D:2      | Killed Terence
   936 | D:2      | Reached skill level 1 in Dodging
  1389 | D:2      | Noticed Sigmund
  1405 | D:2      | Killed Sigmund
  1406 | D:2      | Reached XP level 4. HP: 23/40 MP: 3/3
  1406 | D:2      | Reached XP level 5. HP: 27/46 MP: 4/4
  1752 | D:2      | Identified 2 scrolls of acquirement
  1752 | D:2      | Acquired the +0 hat "Obumpar" {rF+++ Int+4 Dex-3}
  1760 | D:2      | Acquired a manual of Shields
  2067 | D:3      | Noticed Natasha
  2071 | D:3      | Killed Natasha
  2072 | D:3      | Reached XP level 6. HP: 49/53 MP: 5/5
  2241 | D:3      | Noticed Natasha
  2257 | D:3      | Killed Natasha
  2602 | D:3      | Found a faded altar of an unknown god.
  2621 | D:3      | Got Plato's Reference Book on Venom
  2655 | D:3      | Noticed Natasha
  2664 | D:3      | Killed Natasha
  2777 | D:4      | Found Umaxyibb's Overcharged Wands.
  2780 | D:4      | Found Hegups's Magic Scroll Shop.
  2788 | D:4      | Reached skill level 5 in Long Blades
  2788 | D:4      | Reached skill level 5 in Shields
  2922 | D:4      | Found Hije's Jewellery Shoppe.
  2954 | D:4      | Reached XP level 7. HP: 54/60 MP: 6/6
  3116 | D:4      | Found a hide-covered altar of Uskayaw.
  3626 | D:4      | Reached skill level 5 in Fighting
  3626 | D:4      | Slain by a gnoll sergeant

Illustrated notes

Levels and vault maps discovered:
D:1:      minmay_arrival_nine_rooms, layout_loops_ring
D:2:      layout_basic, lemuel_flame_loot_1, uniq_sigmund, uniq_terence
D:3:      layout_rooms, shapermc_ecumenical_altar_rom_forum,
          kennysheep_nondescript, nrook_loot_triangle, uniq_natasha
D:4:      layout_gridville, mainiacjoe_overflow_concentric_impassable,
          chequers_temple_overflow_minitemple, serial_shops,
          nicolae_stop_n_shop_2, shop, nicolae_shop_overcharged_wands,
          uniq_menkaure

Skill      XL: |  1  2  3  4  5  6  7 |
---------------+----------------------+-----
Slings         | 1 2 3 4 |  4.4
Long Blades    | 3 4 5 |  5.5
Dodging        | 1 2 |  2.7
Fighting       | 4 5 |  5.0
Armour         | 4 |  4.9
Shields        | 4 5 |  5.0

Action                   |  1- 3 |  4- 6 |  7- 9 || total
-------------------------+-------+-------+-------++-------
Melee: Long sword        |    61 |    87 |    27 ||   175
       Headbutt          |     8 |    15 |     4 ||    27
 Fire: Hunting sling     |       |    21 |    29 ||    50
Throw: Stone             |       |     2 |       ||     2
  Use: Potion            |     2 |       |       ||     2
       Scroll            |       |     8 |       ||     8
Armor: Scale mail        |    16 |       |       ||    16
       Chain mail        |     8 |    45 |    31 ||    84
Dodge: Dodged            |    25 |    33 |    10 ||    68
Block: Buckler           |     9 |    20 |    12 ||    41
